 Dungeon Crawl Stone Soup version 0.26-a0-597-gb535b0901c (webtiles) character file.

Game seed: 2697038702274880075

599 Apogee the Stinger (level 7, -1/45 HPs)
             Began as a Gnoll Venom Mage on Sept 9, 2020.
             Was an Initiate of Hepliaklqana.
             Slain by a hornet zombie (6 damage)
             ... on level 5 of the Dungeon.
             The game lasted 00:10:34 (4788 turns).

Apogee the Stinger (Gnoll Venom Mage)               Turns: 4788, Time: 00:10:35

Health: -1/45      AC: 23    Str:  8 (10) XL:     7   Next: 41%
Magic:  15/15      EV:  1    Int: 17 (20) God:    Hepliaklqana [......]
Gold:   225        SH:  0    Dex: 18 (20) Spells: 14/17 levels left

rFire    . . .     SeeInvis +   C - +0 hand axe
rCold    + . .     Faith    .   (no shield)
rNeg     . . .     Spirit   .   B - +8 plate armour "Seking" {rC+ Dex+3}
rPois    .         Reflect  .   (no helmet)
rElec    .         Harm     .   (no cloak)
rCorr    .                      w - +2 pair of gloves
MR       .....                  s - +0 pair of boots (curse)
Stlth    ..........             (no amulet)
HPRegen  0.15/turn              (no ring)
MPRegen  0.14/turn              (no ring)

@: flying
A: distributed training, reduced essence, fangs 1, see invisible, agile 1,
strong nose
a: Recall Ancestor, Ancestor Identity, Renounce Religion


You were on level 5 of the Dungeon.
You worshipped Hepliaklqana.
Hepliaklqana was noncommittal.
You visited 1 branch of the dungeon, and saw 5 of its levels.

You collected 225 gold pieces.

Inventory:

Hand Weapons
 b - a +0 dagger
   (You took it off a goblin on level 1 of the Dungeon)
 h - a +0 short sword of draining
   (You found it on level 1 of the Dungeon)
 C - a +0 hand axe (weapon)
   (You found it on level 4 of the Dungeon)
Missiles
 u - 57 stones (quivered)
Armour
 a - a +0 robe
 s - a cursed +0 pair of boots (worn)
   (You found it on level 3 of the Dungeon)
 w - a +2 pair of gloves (worn)
   (You found it on level 4 of the Dungeon)
 B - the +8 plate armour "Seking" (worn) {rC+ Dex+3}
   (You found it on level 4 of the Dungeon)

   It affects your dexterity (+3).
   It protects you from cold.
Jewellery
 e - an uncursed ring of fire {unknown}
   (You found it on level 1 of the Dungeon)
 o - an uncursed ring of ice {unknown}
   (You found it on level 2 of the Dungeon)
 r - an uncursed ring of flight {unknown}
   (You found it on level 2 of the Dungeon)
 t - a +4 ring of evasion
   (You took it off an orc on level 3 of the Dungeon)
Wands
 x - a wand of acid (10)
   (You found it on level 2 of the Dungeon)
Scrolls
 c - a scroll of fear {unknown}
 d - a scroll of teleportation {unknown}
 g - 2 scrolls of immolation {unknown}
 i - 2 scrolls of enchant weapon {unknown}
 m - a scroll of blinking {unknown}
 n - 5 scrolls of identify {unknown}
 p - a scroll of amnesia {unknown}
 v - a scroll of fog {unknown}
 y - a scroll of random uselessness {unknown}
 A - a scroll of noise {unknown}
Potions
 j - 2 potions of curing {@q1}
 k - a potion of lignification {unknown}
 q - a potion of berserk rage {unknown}
 z - a potion of flight


   Skills:
 + Level 2.4 Fighting
 + Level 2.4 Short Blades
 + Level 2.4 Long Blades
 + Level 2.4 Axes
 + Level 2.4 Maces & Flails
 + Level 2.4 Polearms
 + Level 2.4 Staves
 + Level 2.4 Slings
 + Level 2.4 Bows
 + Level 2.4 Crossbows
 + Level 2.4 Throwing
 + Level 2.4 Armour
 + Level 5.2 Dodging
 + Level 4.9 Stealth
 + Level 2.4 Shields
 + Level 2.4 Unarmed Combat
 + Level 5.6 Spellcasting
 + Level 2.0 Conjurations
 + Level 2.0 Hexes
 + Level 2.0 Summonings
 + Level 2.0 Necromancy
 + Level 2.0 Translocations
 + Level 3.0 Transmutations
 + Level 2.0 Fire Magic
 + Level 2.0 Ice Magic
 + Level 2.0 Air Magic
 + Level 2.0 Earth Magic
 + Level 5.8 Poison Magic
 + Level 2.7 Invocations
 + Level 2.4 Evocations


You had 14 spell levels left.
You knew the following spells:

 Your Spells              Type           Power        Failure   Level
a - Sting                 Tmut/Pois      ###.         100%        1
x - Poisonous Vapours     Pois/Air       ###...       100%        2

Your spell library contained the following spells:

 Spells                   Type           Power        Failure   Level
 Ignite Poison            Fire/Tmut/Pois ###.....     100%        3
 Mephitic Cloud           Conj/Pois/Air  ###.....     100%        3
 Olgreb's Toxic Radiance  Pois           ###.....     100%        4


Dungeon Overview and Level Annotations

Branches:
Dungeon (5/15)
 Temple: D:4-7

Altars:
Hepliaklqana


Innate Abilities, Weirdness & Mutations

Your experience applies equally to all skills.
You have very sharp teeth.
Your uncanny sense of smell can sniff out nearby items.
Your life essence is reduced to manifest your ancestor. (-10% HP)
You have supernaturally acute eyesight. (SInv)
You are agile. (Dex +2)


Message History

The hornet zombie hits you but does no damage. x2
You hit the hornet zombie but do no damage.
Your bite misses the hornet zombie.
The hornet zombie hits you but does no damage.
The hornet zombie completely misses you.
You hit the hornet zombie. Your bite misses the hornet zombie.
The hornet zombie hits you.
You hit the hornet zombie but do no damage.
You bite the hornet zombie, but do no damage.
The hornet zombie hits you but does no damage.
The hornet zombie barely misses you.
You hit the hornet zombie. Your bite misses the hornet zombie.
The hornet zombie hits you but does no damage.
You hit the hornet zombie.
The hornet zombie hits you but does no damage. x2
You hit the hornet zombie.
The hornet zombie hits you but does no damage.
You hit the hornet zombie but do no damage.
The hornet zombie hits you but does no damage. x2
You hit the hornet zombie but do no damage.
The hornet zombie hits you but does no damage.
Your plate armour "Seking" prevents you from hitting the hornet zombie.
The hornet zombie hits you.
The hornet zombie hits you but does no damage.
You hit the hornet zombie but do no damage.
Your bite misses the hornet zombie. The hornet zombie barely misses you.
The hornet zombie hits you.
* * * LOW HITPOINT WARNING * * *
You hit the hornet zombie but do no damage.
You bite the hornet zombie, but do no damage.
The hornet zombie hits you!
* * * LOW HITPOINT WARNING * * *
It was a potion of flight.
You feel very buoyant.
You fly up into the air.
The hornet zombie hits you but does no damage.
Okay, then.
Unknown command.
Unknown command.
Unknown command.
It was a potion of mutation.
You feel extremely strange.
Your vision sharpens.
You feel agile.
The hornet zombie hits you but does no damage.
The hornet zombie hits you!
* * * LOW HITPOINT WARNING * * *
It was a potion of degeneration.
There was something very wrong with that liquid.
You feel weakened.
You feel dopey.
You feel clumsy. The hornet zombie hits you.
You die...

############# ####....)......#
#####)......######.#######
.....).#.##.....@Z...##..
#####).#)##.##.###...##.#
#.......##.###...##.#######
#.##.#...........)......... #
#.##.#..#..###...##.....## #
#.......#..# #).)#.))....#
########.#....#................
.............###.#.....o......#
######.)....## ##.............#


You could see a hornet zombie.

Vanquished Creatures
  A bullfrog (D:2)
  A howler monkey (D:2)
  2 orc priests
  2 orc wizards
  5 adders
  A shadow imp (D:5)
  3 oozes
  3 worms
  2 dart slugs
  A leopard gecko (D:3)
  10 orcs
  4 bats
  6 giant cockroaches
  5 goblins
  6 hobgoblins
  4 kobolds
  A quokka (D:2)
  A ball python (D:2)
  6 frilled lizards
  A leopard gecko skeleton (D:4)
  A quokka skeleton (D:5)
  7 rats
73 creatures vanquished.

Vanquished Creatures (collateral kills)
  A phantom (D:4)
  A hound (D:4)
  2 orc priests
  An orc wizard (D:5)
  2 adders
  4 orcs
  A quokka (D:3)
  A frilled lizard (D:3)
  A kobold (D:3)
14 creatures vanquished.

Vanquished Creatures (others)
  An ancestor (D:5)
1 creature vanquished.

Grand Total: 88 creatures vanquished

Notes
Turn   | Place    | Note
-------+----------+-------------------------------------------
     0 | D:1      | Apogee the Gnoll Venom Mage began the quest for the Orb.
     0 | D:1      | Reached XP level 1. HP: 13/13 MP: 6/6
   206 | D:1      | Reached XP level 2. HP: 19/19 MP: 4/7
   294 | D:1      | Learned a level 2 spell: Poisonous Vapours
  1015 | D:2      | Reached skill level 5 in Spellcasting
  1015 | D:2      | Reached XP level 3. HP: 25/25 MP: 1/9
  1381 | D:2      | Reached skill level 1 in Invocations
  1951 | D:2      | Reached skill level 1 in Fighting
  1951 | D:2      | Reached skill level 1 in Short Blades
  1951 | D:2      | Reached skill level 1 in Long Blades
  1951 | D:2      | Reached skill level 1 in Axes
  1951 | D:2      | Reached skill level 1 in Maces & Flails
  1951 | D:2      | Reached skill level 1 in Polearms
  1951 | D:2      | Reached skill level 1 in Staves
  1951 | D:2      | Reached skill level 1 in Slings
  1951 | D:2      | Reached skill level 1 in Bows
  1951 | D:2      | Reached skill level 1 in Crossbows
  1951 | D:2      | Reached skill level 1 in Throwing
  1951 | D:2      | Reached skill level 1 in Armour
  1951 | D:2      | Reached skill level 1 in Shields
  1951 | D:2      | Reached skill level 1 in Unarmed Combat
  1951 | D:2      | Reached skill level 1 in Evocations
  2166 | D:3      | Noticed a bullfrog
  2170 | D:2      | Reached XP level 4. HP: 31/32 MP: 1/11
  2309 | D:3      | Reached skill level 1 in Conjurations
  2309 | D:3      | Reached skill level 1 in Hexes
  2309 | D:3      | Reached skill level 1 in Summonings
  2309 | D:3      | Reached skill level 1 in Necromancy
  2309 | D:3      | Reached skill level 1 in Translocations
  2309 | D:3      | Reached skill level 1 in Fire Magic
  2309 | D:3      | Reached skill level 1 in Ice Magic
  2309 | D:3      | Reached skill level 1 in Air Magic
  2309 | D:3      | Reached skill level 1 in Earth Magic
  2527 | D:2      | Reached XP level 5. HP: 37/37 MP: 3/12
  2857 | D:3      | Found a hazy altar of Hepliaklqana.
  2867 | D:3      | Became a worshipper of Hepliaklqana the Forgotten
  2957 | D:3      | Reached XP level 6. HP: 31/39 MP: 1/13
  3566 | D:4      | Reached skill level 5 in Dodging
  3988 | D:4      | Noticed a phantom
  4253 | D:4      | Got a faintly glowing plate armour
  4316 | D:4      | Identified the +8 plate armour "Seking" {rC+ Dex+3} (You
                  | found it on level 4 of the Dungeon)
  4417 | D:4      | Killed a phantom
  4417 | D:4      | Reached XP level 7. HP: 40/45 MP: 15/15
  4519 | D:5      | Entered Level 5 of the Dungeon
  4787 | D:5      | Gained mutation: You have supernaturally acute eyesight.
                  | (SInv) [potion of mutation]
  4787 | D:5      | Gained mutation: You are agile. (Dex +2) [potion of
                  | mutation]
  4788 | D:5      | Slain by a hornet zombie

Illustrated notes

Levels and vault maps discovered:
D:1:      dpeg_arrival_ratfight, layout_basic, serial_park_tiny_pond,
          minivault_23
D:2:      layout_loops_corners
D:3:      layout_rooms, old_standard_altar
D:4:      layout_basic
D:5:      layout_loops_ring, nicolae_overflow_hidden_temple, minitemple,
          nemelex_xobeh_ov_fountains_minmay, serial_shops,
          nicolae_shop_behind_doors, sword_in_stone, uniq_blork_the_orc

Skill      XL: |  1  2  3  4  5  6  7 |
---------------+----------------------+-----
Transmutations | 2 3 |  3.0
Spellcasting   | 5 |  5.6
Invocations    | 1 2 |  2.7
Fighting       | 1 2 |  2.4
Short Blades   | 1 2 |  2.4
Long Blades    | 1 2 |  2.4
Axes           | 1 2 |  2.4
Maces & Flails | 1 2 |  2.4
Polearms       | 1 2 |  2.4
Staves         | 1 2 |  2.4
Slings         | 1 2 |  2.4
Bows           | 1 2 |  2.4
Crossbows      | 1 2 |  2.4
Throwing       | 1 2 |  2.4
Armour         | 1 2 |  2.4
Shields        | 1 2 |  2.4
Unarmed Combat | 1 2 |  2.4
Evocations     | 1 2 |  2.4
Conjurations   | 1 2 |  2.0
Hexes          | 1 2 |  2.0
Summonings     | 1 2 |  2.0
Necromancy     | 1 2 |  2.0
Translocations | 1 2 |  2.0
Fire Magic     | 1 2 |  2.0
Ice Magic      | 1 2 |  2.0
Air Magic      | 1 2 |  2.0
Earth Magic    | 1 2 |  2.0
Dodging        | 5 |  5.2
Stealth        | |  4.9
Poison Magic   | |  5.8

Action                   |  1- 3 |  4- 6 |  7- 9 || total
-------------------------+-------+-------+-------++-------
Melee: Dagger            |    35 |   110 |       ||   145
       Bite              |     3 |    17 |     5 ||    25
       Punch             |       |     3 |       ||     3
       Hand axe          |       |       |    50 ||    50
Throw: Stone             |       |     2 |       ||     2
 Cast: Sting             |    34 |     9 |       ||    43
       Poisonous Vapours |    10 |    52 |       ||    62
  Use: Potion            |       |       |     4 ||     4
 Stab: Sleeping          |     5 |     1 |       ||     6
Armor: Robe              |     3 |     6 |       ||     9
       Plate armour      |       |    38 |    56 ||    94
Dodge: Dodged            |    24 |    48 |    10 ||    82

Table legend: (Time is in decaauts)
 A = Elapsed time spent in this place.
 B = Non-inter-level travel time spent in this place.
 C = Inter-level travel time spent in this place.
 D = Time resting spent in this place.
 E = Time spent auto-exploring this place.
 F = Levels seen in this place.
 G = Mean time per level.
                   A        B        C        D        E       F      G
               +--------+--------+--------+--------+--------+-----+--------+
         Total |   4789 |   4595 |    194 |    847 |   2995 |   5 |  957.8 |
       Dungeon |   4789 |   4595 |    194 |    847 |   2995 |   5 |  957.8 |
               +--------+--------+--------+--------+--------+-----+--------+

Top non-repeatable levels by time:
     D:2: 1690 daAuts
     D:1: 969 daAuts
     D:4: 955 daAuts
     D:3: 895 daAuts
     D:5: 277 daAuts
